 Dungeon Crawl Stone Soup version 0.17.1-3-g152610e (webtiles) character file.

30555 manyhoops the Thaumaturge (level 13, -3/74 HPs)
             Began as a Deep Elf Fire Elementalist on Apr 23, 2016.
             Was a High Priest of Vehumet.
             Hit by a large rock thrown by a stone giant (40 damage)
             ... on level 4 of the Orcish Mines.
             The game lasted 01:41:02 (20303 turns).

manyhoops the Thaumaturge (DEFE)                   Turns: 20303, Time: 01:41:02

Health: -3/74      AC: 13    Str:  7    XL:     13   Next: 21%
Magic:  20/33      EV: 13    Int: 26    God:    Vehumet [*****.]
Gold:   1301       SH:  0    Dex: 15    Spells: 10 memorised, 5 levels left

rFire  + + .     SeeInvis .     U - +5 falchion (protect)
rCold  + . .     Clarity  .     V - +2 robe {rC+ rF+}
rNeg   + . .     SustAt   .     (no shield)
rPois  .         Gourm    .     b - +0 hat {MR+}
rElec  .         Spirit   .     O - +2 cloak {MR+}
rCorr  .         Warding  +     F - +0 pair of gloves
rMut   .         Stasis   .     (no boots)
MR     +++..                    o - amulet of warding
Stlth  ++++......               K - ring of protection from fire
                                A - ring of Obsession {+Inv Str+2}

@: extremely resistant to hostile enchantments, stealthy
A: no striking features
a: Renounce Religion, Evoke Invisibility


You were on level 4 of the Orcish Mines.
You worshipped Vehumet.
Vehumet was extremely pleased with you.
You were not hungry.

You visited 4 branches of the dungeon, and saw 19 of its levels.
You also visited: Labyrinth.

You collected 1301 gold pieces.

Inventory:

Hand Weapons
 U - a +5 falchion of protection (weapon)
Missiles
 X - 7 throwing nets (quivered)
Armour
 b - a +0 hat of magic resistance (worn)
 F - a +0 pair of gloves (worn)
 O - a +2 cloak of magic resistance (worn)
 V - a +2 robe of resistance (worn)
Rods
 D - a +3 rod of the swarm (11/11)
   (You found it in a labyrinth)
Jewellery
 d - an uncursed ring of see invisible
 o - an amulet of warding (around neck)
 A - the ring of Obsession (left hand) {+Inv Str+2}
   (You found it on level 5 of the Dungeon)

   [ring of invisibility]

   It affects your strength (+2).
   It lets you turn invisible.
 K - a ring of protection from fire (right hand)
Wands
 e - a wand of teleportation (4)
 s - a wand of lightning (7)
 P - a wand of flame (40)
 S - a wand of disintegration (13)
 T - a wand of random effects (34)
Scrolls
 g - 2 scrolls of recharging
 k - 3 scrolls of identify
 n - 2 scrolls of noise
 t - 2 scrolls of fear
 u - a scroll of brand weapon
 w - 3 scrolls of teleportation
 y - 3 scrolls of blinking
 G - 3 scrolls of fog
 H - 3 scrolls of magic mapping
 N - a scroll of torment {unknown}
 Q - a scroll of amnesia {unknown}
 Z - a scroll of holy word {unknown}
Potions
 f - 7 potions of curing
 h - a potion of heal wounds
 j - 2 potions of invisibility
 m - a potion of degeneration {unknown}
 p - 3 potions of might
 q - a potion of ambrosia {unknown}
 r - 2 potions of agility
 x - a potion of berserk rage {unknown}
 z - a potion of lignification
 B - a potion of magic {unknown}
 C - a potion of resistance
 J - a potion of brilliance
 L - 2 potions of haste
 W - a potion of beneficial mutation {unknown}
Comestibles
 a - a slice of pizza
 c - 10 bread rations


   Skills:
 - Level 6.0 Fighting
 - Level 0.2 Maces & Flails
 - Level 2.4 Dodging
 - Level 6.5 Stealth
 - Level 14.7 Spellcasting
 - Level 11.8 Conjurations
 * Level 4.8 Charms
 - Level 13.1 Fire Magic
 * Level 6.6 Ice Magic
 - Level 3.3 Earth Magic
 - Level 1.6 Evocations


You had 5 spell levels left.
You knew the following spells:

 Your Spells              Type           Power        Failure   Level  Hunger
a - Flame Tongue          Conj/Fire      #####        0%          1    None
b - Throw Flame           Conj/Fire      ######       1%          2    None
c - Conjure Flame         Conj/Fire      ######..     1%          3    None
d - Inner Flame           Hex/Fire       ######..     1%          3    None
e - Sticky Flame          Conj/Fire      ######..     1%          4    None
f - Fireball              Conj/Fire      ######....   1%          5    #......
g - Stoneskin             Trmt/Erth      ####....     2%          2    None
h - Ozocubu's Armour      Chrm/Ice       #####...     1%          3    None
i - Bolt of Cold          Conj/Ice       ######....   3%          6    ####...
j - Ring of Flames        Chrm/Fire      ######....   67%         7    ######.


Dungeon Overview and Level Annotations

Branches:
Dungeon (9/15)             Temple (1/1) D:6            Lair (5/8) D:8
 Shoals (0/4) Lair:5          Orc (4/4) D:9             Elf (0/3) Orc:3
  Snake: Lair:3-6    Spider: Lair:3-6

Altars:
Ashenzari
Cheibriados
Dithmenos
Elyvilon
Fedhas
Gozag
Kikubaaqudgha
Makhleb
Nemelex Xobeh
Okawaru
Qazlal
Ru
Sif Muna
Trog
Vehumet
Xom
Yredelemnul
Zin
The Shining One
Beogh

Shops:
D:4 }   D:5 }   D:9 %   Orc:4 [*

Annotations:
Orc:3 Maud


Message History

Vehumet accepts your kill.
The fireball engulfs the ogre.
You kill the ogre!
Vehumet accepts your kill.
You feel your power returning.
The ogre shouts! x2
You hear two shouts!
You hear a shout!
You hear a shout!
You hear a shout!
You hear two shouts! x2
You hear a shout!
You hear two shouts!
The stone giant throws a large rock.
The large rock hits you!
A two-headed ogre and a troll come into view.
Casting: Fireball
Confirm with . or Enter, or press ? or * to list all spells.
Aiming: Inner Flame
Press: ? - help, Shift-Dir - straight line, f - troll
Aim: a troll (moderately wounded, chance to defeat MR: 94%)
The troll barely resists.
The stone giant throws a large rock.
The large rock hits you!!!
Ouch! That really hurt!
You die...

..........##.##
.........#...
.#.........#.#
.#..........##
.............
.#...#.....##### ..O
.....##......#.# .T.O
......#.<......####§TO.T
.....#..........@..§§CO.
...####.............#CO.
......#........#..###
................###
##......<......##
#.......###.###
##.......<####
#.........##
##.....)...####


You could see a stone giant, a hill giant, 3 trolls, 2 two-headed ogres and 3
ogres.

Vanquished Creatures
  Gastronok (Lair:3)
  A minotaur (Lab)
  2 hydras
  An orc sorcerer (Orc:3)
  A griffon (Lair:3)
  A siren (Lair:5)
  Joseph (Lair:1)
  5 elephants (Lair:3)
  2 black mambas
  8 komodo dragons
  5 spiny frogs
  A troll (Orc:4)
  7 blink frogs
  3 merfolk (Lair:5)
  Grinder (D:5)
  Prince Ribbit (D:5)
  25 yaks
  2 wyverns
  A basilisk (Lair:4)
  A deep elf fighter (D:6)
  A steam dragon (D:8)
  5 hippogriffs
  8 wolves
  2 wargs
  12 water moccasins
  4 sky beasts
  12 orc warriors
  10 porcupines
  2 centaurs
  A black bear (D:8)
  6 ogres
  A big kobold (D:8)
  10 crocodiles
  Blork the orc (D:8)
  7 giant frogs
  3 scorpions
  6 killer bees (D:7)
  6 wights
  An electric eel (Lair:3)
  A centaur zombie (D:6)
  5 hounds
  15 orc priests
  11 iguanas
  6 crimson imps
  A giant frog skeleton (D:5)
  3 worker ants
  14 orc wizards
  2 hell rats (Lair:3)
  8 sheep
  2 hound skeletons (D:4)
  3 gnolls (D:5)
  A worker ant zombie (D:6)
  15 adders
  31 river rats
  A shadow imp (D:9)
  A worm (D:2)
  2 giant geckos
  127 orcs
  A ball python (D:8)
  6 giant cockroaches
  9 hobgoblins
  3 jackals (D:4)
  5 kobolds
  6 quokkas
  5 bats
  A giant gecko skeleton (D:5)
  5 giant newts
  4 goblins
  8 rats
  4 bushes (Lair:5)
  A plant (Lair:3)
475 creatures vanquished.

Vanquished Creatures (others)
  5 fungi
  5 plants
10 creatures vanquished.

Grand Total: 485 creatures vanquished

Notes
Turn   | Place    | Note
--------------------------------------------------------------
     0 | D:1      | manyhoops the Deep Elf Fire Elementalist began the quest for the Orb.
     0 | D:1      | Reached XP level 1. HP: 10/10 MP: 6/6
   119 | D:1      | Reached XP level 2. HP: 12/15 MP: 5/8
   123 | D:1      | Learned a level 2 spell: Throw Flame
   980 | D:2      | Reached skill level 4 in Fire Magic
   980 | D:2      | Reached XP level 3. HP: 13/19 MP: 7/10
  1014 | D:2      | Learned a level 3 spell: Conjure Flame
  1021 | D:2      | Found a shimmering altar of Xom.
  1027 | D:2      | Learned a level 3 spell: Inner Flame
  1566 | D:2      | Reached XP level 4. HP: 24/24 MP: 8/12
  1655 | D:2      | Found a faded altar to an unknown god.
  2167 | D:3      | Found an iron altar of Okawaru.
  2417 | D:3      | Found a glowing silver altar of Zin.
  2864 | D:4      | Reached XP level 5. HP: 26/28 MP: 7/13
  3560 | D:4      | Found Pithreoly's Gadget Shoppe.
  3810 | D:5      | Entered Level 5 of the Dungeon
  3834 | D:5      | Found a basalt altar of Yredelemnul.
  3856 | D:5      | Reached skill level 5 in Fire Magic
  3856 | D:5      | Reached XP level 6. HP: 32/32 MP: 11/15
  3916 | D:5      | Reached skill level 5 in Spellcasting
  3917 | D:5      | Noticed a water elemental
  3926 | D:5      | Found Maorph's Gadget Shop.
  3933 | D:5      | Got a smoking lapis lazuli ring
  3937 | D:5      | Identified the ring of Obsession {+Inv Str+2} (You found it on level 5 of the Dungeon)
  3966 | D:5      | Noticed Grinder
  3999 | D:5      | Noticed Prince Ribbit
  4127 | D:5      | Killed Prince Ribbit
  4127 | D:5      | Reached skill level 5 in Conjurations
  4127 | D:5      | Reached XP level 7. HP: 36/36 MP: 3/17
  4175 | D:5      | Killed Grinder
  4175 | D:5      | Reached skill level 6 in Spellcasting
  4323 | D:5      | Found an ancient bone altar of Kikubaaqudgha.
  4615 | D:5      | Learned a level 4 spell: Sticky Flame
  4722 | D:5      | Found a stormy altar of Qazlal.
  4724 | D:5      | Noticed an air elemental
  4725 | D:5      | Noticed a fire elemental
  4861 | D:5      | Reached XP level 8. HP: 41/41 MP: 15/19
  5125 | D:6      | Noticed Blork the orc
  5133 | D:6      | Reached skill level 7 in Spellcasting
  5612 | D:6      | Found a staircase to the Ecumenical Temple.
  5688 | Temple   | Entered the Ecumenical Temple
  6098 | D:6      | Reached skill level 8 in Spellcasting
  6793 | D:7      | Learned a level 5 spell: Fireball
  6803 | D:7      | Reached skill level 13 in Spellcasting
  6803 | D:7      | Reached XP level 9. HP: 45/45 MP: 11/28
  6952 | D:7      | Reached XP level 10. HP: 50/50 MP: 18/29
  7135 | D:7      | Reached skill level 10 in Fire Magic
  7297 | D:7      | Reached skill level 5 in Stealth
  7605 | D:8      | Killed Blork the orc
  7632 | D:8      | Found a staircase to the Lair.
  8205 | D:8      | Found a blossoming altar of Fedhas.
  8514 | D:9      | Found a staircase to the Orcish Mines.
  8689 | D:9      | Found Laselion's Food Shoppe.
  9039 | D:9      | Found a radiant altar of Vehumet.
  9051 | D:9      | Became a worshipper of Vehumet
  9180 | D:9      | Reached skill level 1 in Evocations
  9990 | Lair:1   | Entered Level 1 of the Lair of Beasts
  9990 | Lair:1   | Noticed a black mamba
  9992 | Lair:1   | Killed a black mamba
  9992 | Lair:1   | Reached skill level 14 in Spellcasting
  9992 | Lair:1   | Reached XP level 11. HP: 53/55 MP: 22/31
 10000 | Lair:1   | Found a bloodstained altar of Trog.
 10031 | Lair:1   | Reached skill level 1 in Fighting
 10038 | Lair:1   | Learned a level 2 spell: Stoneskin
 10076 | Lair:1   | Noticed a four-headed hydra
 10082 | Lair:1   | Killed a four-headed hydra
 10242 | Lair:2   | Learned a level 3 spell: Ozocubu's Armour
 10302 | Lair:2   | Reached * piety under Vehumet
 10302 | Lair:2   | Offered knowledge of Sting by Vehumet.
 10545 | Lair:1   | Identified Fegawnuo's Disquisition on Destructive Ignition (You found it on level 1 of the Lair of Beasts)
 10548 | Lair:1   | Reached skill level 1 in Ice Magic
 10615 | Lair:1   | Noticed Joseph
 10621 | Lair:1   | Killed Joseph
 11123 | Lair:1   | Reached skill level 1 in Earth Magic
 12077 | Lair:2   | Reached ** piety under Vehumet
 12390 | Lair:2   | Offered knowledge of Searing Ray by Vehumet.
 12699 | Lair:2   | Identified 2 scrolls of acquirement
 12801 | Lair:2   | Reached skill level 5 in Fighting
 12904 | Lair:3   | Reached skill level 10 in Conjurations
 13065 | Lair:3   | Reached XP level 12. HP: 68/68 MP: 15/32
 13138 | Lair:3   | Noticed Gastronok
 13144 | Lair:3   | Killed Gastronok
 13619 | Lair:3   | Offered knowledge of Stone Arrow by Vehumet.
 14122 | Lair:4   | Reached *** piety under Vehumet
 14841 | Lair:4   | Offered knowledge of Olgreb's Toxic Radiance by Vehumet.
 15016 | D:8      | Learned a level 6 spell: Bolt of Cold
 15024 | D:8      | Learned a level 7 spell: Ring of Flames
 15078 | Lair:3   | Reached skill level 1 in Charms
 15852 | Lair:5   | Found a staircase to the Shoals.
 15969 | Lair:5   | Found a labyrinth entrance.
 15982 | Lab      | Entered a labyrinth
 16482 | Lab      | Noticed a minotaur
 16487 | Lab      | Killed a minotaur
 16495 | Lab      | Got a crude amber ring
 16496 | Lab      | Got a faintly glowing war axe
 16497 | Lab      | Identified a +3 rod of the swarm (11/11) (You found it in a labyrinth)
 16499 | Lab      | Identified the ring of Descent {+/*Tele rElec} (You found it in a labyrinth)
 16503 | Lab      | Identified the cursed +1 war axe of Woossuem {chop, rN+} (You found it in a labyrinth)
 16515 | Lab      | Got an iridescent longbow
 16517 | Lab      | Identified the +5 longbow of the Crypt {flame, Dex+7} (You found it in a labyrinth)
 16633 | Lair:5   | Reached **** piety under Vehumet
 17233 | Lair:5   | Offered knowledge of Airstrike by Vehumet.
 17251 | Lair:5   | Reached XP level 13. HP: 74/74 MP: 11/33
 18089 | Orc:1    | Entered Level 1 of the Orcish Mines
 18093 | Orc:1    | Reached skill level 5 in Ice Magic
 18571 | Orc:2    | Found a roughly hewn altar of Beogh.
 19047 | Orc:3    | Reached ***** piety under Vehumet
 19119 | Orc:3    | Found a staircase to the Elven Halls.
 19211 | Orc:3    | Offered knowledge of Fulminant Prism by Vehumet.
 19559 | Orc:3    | Noticed Maud
 20027 | Orc:4    | Entered Level 4 of the Orcish Mines
 20053 | Orc:4    | Found Zaonur's Armour Emporium.
 20299 | Orc:4    | Found Peisacsa's Assorted Antiques.
 20299 | Orc:4    | Noticed a stone giant
 20303 | Orc:4    | Hit by a large rock thrown by a stone giant

Action                   |  1- 3 |  4- 6 |  7- 9 | 10-12 | 13-15 || total
-------------------------+-------+-------+-------+-------+-------++-------
Melee: Unarmed           |    36 |     2 |       |       |       ||    38
       Whip              |       |    19 |     9 |    61 |       ||    89
       Spear             |       |       |     5 |       |       ||     5
       Flail             |       |       |       |     6 |       ||     6
       Falchion          |       |       |       |     2 |    41 ||    43
 Cast: Flame Tongue      |    47 |    71 |    88 |   109 |    18 ||   333
       Throw Flame       |    13 |    25 |    52 |   359 |    91 ||   540
       Conjure Flame     |       |     5 |     3 |     1 |     1 ||    10
       Inner Flame       |       |       |     1 |     4 |     3 ||     8
       Fireball          |       |       |     1 |    97 |    38 ||   136
       Stoneskin         |       |       |       |     5 |       ||     5
       Sticky Flame      |       |       |       |    20 |    12 ||    32
       Ozocubu's Armour  |       |       |       |     3 |     8 ||    11
  Use: Potion            |     2 |     1 |     1 |     5 |     1 ||    10
       Scroll            |       |     5 |     4 |    13 |     3 ||    25
 Stab: Sleeping          |       |     2 |       |       |       ||     2
  Eat: Chunk             |     1 |     4 |     8 |    15 |     5 ||    33
       Meat ration       |       |     1 |       |     3 |     1 ||     5
       Bread ration      |       |       |       |     1 |       ||     1
       Royal jelly       |       |       |       |     1 |       ||     1
